 Dungeon Crawl Stone Soup version 0.23.1-37-gaa34b87 (webtiles) character file.

Game seed: 4659633451991908158

55 Lauz the Chiller (level 3, -1/24 HPs)
             Began as a Merfolk Ice Elementalist on Mar 20, 2019.
             Slain by an adder (2 damage)
             ... on level 2 of the Dungeon.
             The game lasted 00:08:29 (2368 turns).

Lauz the Chiller (Merfolk Ice Elementalist)         Turns: 2368, Time: 00:08:30

Health: -1/24      AC:  2    Str:  9    XL:     3   Next: 93%
Magic:  1/7        EV: 13    Int: 14    God:
Gold:   106        SH:  0    Dex: 14    Spells: 4/7 levels left

rFire    . . .     SeeInvis .   (no weapon)
rCold    . . .     Gourm    .   (no shield)
rNeg     . . .     Faith    .   a - +0 robe
rPois    .         Spirit   .   (no helmet)
rElec    .         Reflect  .   (no cloak)
rCorr    .         Harm     .   (no gloves)
MR       .....                  (no boots)
Stlth    ++........             (no amulet)
HPRegen  0.08/turn              (no ring)
MPRegen  0.10/turn              (no ring)

@: lethally poisoned (-1 -> -9), flying
A: change form in water, swift swim, stealthy swim
a: no special abilities


You were on level 2 of the Dungeon.
You were not hungry.

You visited 1 branch of the dungeon, and saw 2 of its levels.

You collected 106 gold pieces.

Inventory:

Armour
 a - a +0 robe (worn)
 l - a +0 shield
Scrolls
 b - a scroll of enchant weapon {unknown}
 d - 3 scrolls of remove curse {unknown}
 f - a scroll of immolation {unknown}
 h - 3 scrolls of identify {unknown}
 j - a scroll of fog {unknown}
 k - a scroll of noise {unknown}
Potions
 g - a potion of resistance {unknown}
 i - a potion of curing {unknown}
Comestibles
 c - 9 rations


   Skills:
 + Level 0.1 Fighting
 + Level 2.8 Dodging
 - Level 2.1 Stealth
 + Level 2.7 Spellcasting
 - Level 0.7 Conjurations
 + Level 4.5 Ice Magic


You had 4 spell levels left.
You knew the following spells:

 Your Spells              Type           Power        Failure   Level  Hunger
a - Freeze                Ice            ##..         3%          1    #......
b - Throw Frost           Conj/Ice       #.....       12%         2    ###....

Your spell library contained the following spells:

 Spells                   Type           Power        Failure   Level  Hunger
 Ozocubu's Armour         Chrm/Ice       #.......     26%         3    ###....
 Throw Icicle             Conj/Ice       #.......     58%         4    #####..
 Summon Ice Beast         Ice/Summ       #.......     65%         4    #####..


Dungeon Overview and Level Annotations

Branches:
Dungeon (2/15)

Altars:
Xom


Message History

Press: ? - help, Shift-Dir - straight line, f/p - adder
Aim: an adder (moderately wounded)
You freeze the adder.
The adder is severely wounded.
The adder seems to slow down.
You feel sick. The adder misses you.
You feel sick.
The adder is no longer moving slowly.
You feel sick. The adder bites you.
* * * LOW HITPOINT WARNING * * *
You are more poisoned.
The adder poisons you!
* * * LOW HITPOINT WARNING * * *
You feel sick.
It was a potion of flight.
You feel very buoyant.
You fly up into the air.
* * * LOW HITPOINT WARNING * * *
You feel sick. The adder bites you.
You die...

.#.....#####..# ######.#
.#####........# #......#
.#####.....#()#####......########
.................................
..............<..................
##########.#.######..............
# #.(.# ###.###########
#####################.##########.
................@S...............
#####################.###...#####
# #####..(..# #...# ##
#.........# #...# .# #.........#
##### .# #.##......# .#
#.##......# .# #.........# .#
##.##......######


You could see an adder.

Vanquished Creatures
  An adder (D:2)
  2 oozes
  3 dart slugs (D:1)
  7 bats
  A giant cockroach (D:1)
  4 hobgoblins
  A quokka (D:2)
  2 ball pythons (D:2)
  5 frilled lizards
  A goblin (D:2)
  2 kobolds
  7 rats
36 creatures vanquished.

Notes
Turn   | Place    | Note
-------+----------+-------------------------------------------
     0 | D:1      | Lauz the Merfolk Ice Elementalist began the quest for the
                  | Orb.
     0 | D:1      | Reached XP level 1. HP: 13/13 MP: 3/3
   595 | D:1      | Reached XP level 2. HP: 19/19 MP: 0/5
   708 | D:1      | Learned a level 2 spell: Throw Frost
   753 | D:1      | Reached skill level 4 in Ice Magic
  1414 | D:2      | Reached XP level 3. HP: 24/24 MP: 2/6
  2069 | D:2      | Found a shimmering altar of Xom.
  2368 | D:2      | HP: 1/24 [poisoned by an adder]
  2368 | D:2      | Slain by an adder

Skill      XL: |  1  2 |
---------------+-------+-----
Ice Magic      | 4 |  4.5
Fighting       | |  0.1
Dodging        | |  2.8
Stealth        | |  2.1
Spellcasting   | |  2.7
Conjurations   | |  0.7

Action                   || total
-------------------------++-------
Melee: Unarmed           ||    23
 Cast: Freeze            ||    46
       Throw Frost       ||    19
  Use: Potion            ||     1
  Eat: Chunk             ||     6
Armor: Robe              ||    10
Dodge: Dodged            ||    41
